 Dungeon Crawl Stone Soup version 0.30-a0-585-g93115170b9 (webtiles) character file.

Game seed: 3213225746844713829

331662 Monkooky the Pyromancer (level 20, -16/167 HPs)
             Began as a Red Draconian Fire Elementalist on Dec 27, 2022.
             Was an Initiate of Gozag.
             Demolished by a white very ugly thing (24 damage)
             ... on level 3 of the Vaults on Jan 2, 2023.
             The game lasted 03:35:31 (68318 turns).

Monkooky the Pyromancer (DrFE)                     Turns: 68318, Time: 03:35:31

Health: -16/167    AC: 21    Str: 13    XL:     20   Next: 88%
Magic:  7/36       EV: 19    Int: 34    God:    Gozag
Gold:   11095      SH: 14    Dex: 18    Spells: 2/43 levels left

rFire   + + .      SeeInvis .    w - +6 whip of Yjiogy {freeze, Str+3 Int+5}
rCold   + . .      Faith    .    O - +1 kite shield {reflect}
rNeg    . . .      Spirit   .    (body armour unavailable)
rPois   +          Reflect  +    W - +2 hat
rElec   .          Harm     .    Z - +2 cloak {rF+}
rCorr   +          Rampage  .    D - +2 pair of gloves
Will    ++++.                    N - +2 pair of boots {Fly}
Stlth   ++                       j - amulet of regeneration
HPRegen 1.27/turn                Y - ring of Hokhurae {rPois rC+ Will++ Str-2 Dex+6}
MPRegen 0.25/turn                k - ring "Seck" {Will+ rCorr Int+6}

@: brilliant, short of breath, gold aura, flying, hasted, studying Dodging, very
quick
A: breathe fire, AC +10, unfitting armour, fire resistance 1, cold-blooded
}: 2/15 runes: barnacled, gossamer
a: Breathe Fire, Renounce Religion, Potion Petition, Call Merchant, Bribe Branch


You were on level 3 of the Vaults.
You worshipped Gozag.
Gozag was extremely pleased with you.
You visited 8 branches of the dungeon, and saw 37 of its levels.
You also visited: Bailey, Ice Cave and Volcano.

You collected 16621 gold pieces.
You spent 3302 gold pieces at shops.
You paid 2224 gold pieces to Gozag.

Inventory:

Hand Weapons
 w - the +6 whip of Yjiogy (weapon) {freeze, Str+3 Int+5}
   (You found it on level 3 of the Dungeon)

   It freezes those it strikes, dealing additional cold damage.
   It can also slow down cold-blooded creatures.
   Str:       It affects your strength (+3).
   Int:       It affects your intelligence (+5).
 Q - the +8 whip of Blind Justice {drain, rC++ Int+3}
   (You found it on level 9 of the Dungeon)

   A truly terrible weapon, it drains the life of any living foe it strikes.
   Int:       It affects your intelligence (+3).
   rC:        It greatly protects you from cold.
Missiles
 g - 10 curare-tipped darts
 P - 5 throwing nets
Armour
 D - a +2 pair of gloves (worn)
 N - a +2 pair of boots of flying (worn)
 O - a +1 kite shield of reflection (worn)
 W - a +2 hat (worn)
 Z - a +2 cloak of fire resistance (worn)
Magical Staves
 f - a staff of conjuration
Jewellery
 c - an amulet of reflection
 j - an amulet of regeneration (around neck)
 k - the ring "Seck" (right hand) {Will+ rCorr Int+6}
   (You took it off a deep elf zephyrmancer on level 3 of the Elven Halls)

   [ring of intelligence]

   Int:       It affects your intelligence (+6).
   rCorr:     It protects you from acid and corrosion.
   Will:      It increases your willpower.
 l - a ring of protection from fire
 Y - a ring of Hokhurae (left hand) {rPois rC+ Will++ Str-2 Dex+6}
   (You took it off a deep elf annihilator on level 3 of the Elven Halls)

   [ring of dexterity]

   Str:       It affects your strength (-2).
   Dex:       It affects your dexterity (+6).
   rC:        It protects you from cold.
   rPois:     It protects you from poison.
   Will:      It greatly increases your willpower.
Wands
 I - a wand of paralysis (44)
 J - a wand of flame (65)
 M - a wand of mindburst (31)
 T - a wand of acid (18)
 V - a wand of roots (20)
Scrolls
 d - 12 scrolls of teleportation
 n - 3 scrolls of amnesia
 o - 5 scrolls of magic mapping
 s - 7 scrolls of fear
 t - 5 scrolls of summoning
 v - 9 scrolls of poison
 A - 11 scrolls of immolation
 C - 7 scrolls of vulnerability
 E - 5 scrolls of silence
 F - 4 scrolls of blinking
 L - 8 scrolls of fog
Potions
 a - 5 potions of magic
 h - 13 potions of attraction
 i - 6 potions of might
 m - 9 potions of curing
 p - a potion of berserk rage
 q - 7 potions of mutation
 u - a potion of cancellation
 x - 10 potions of heal wounds
 y - a potion of lignification {unknown}
 z - 5 potions of flight
 B - 13 potions of brilliance
 G - 10 potions of resistance
 H - 10 potions of haste
 K - 5 potions of invisibility
 X - 6 potions of ambrosia
Miscellaneous
 b - a box of beasts
 e - a condenser vane
 r - a phial of floods
 R - a phantom mirror
 S - a tin of tremorstones (2/2)
 U - a lightning rod (4/4)


   Skills:
 - Level 11.7 Fighting
 - Level 4.3 Maces & Flails
 + Level 12.2 Dodging
 - Level 1.7 Stealth
 - Level 12.8 Shields
 - Level 12.0 Spellcasting
 - Level 17.7 Conjurations
 - Level 10.5 Transmutations
 - Level 21.0 Fire Magic
 - Level 9.7 Air Magic
 - Level 8.0 Earth Magic
 - Level 11.0 Evocations


You had 2 spell levels left.
You knew the following spells:

 Your Spells              Type           Power      Damage    Failure   Level
a - Foxfire               Conj/Fire      100%       2x1d9     0%          1
b - Scorch                Fire           100%       2d10      0%          2
c - Ignition              Fire           63%        3d17      4%          8
d - Flame Wave            Conj/Fire      100%       2d21      0%          4
e - Kindle Blastsparks    Fire/Tloc/Air  100%       2d18      1%          3
f - Fireball              Conj/Fire      61%        3d23      1%          5
g - Orb of Destruction    Conj           59%        9d14      2%          7
h - Passwall              Tmut/Erth      75%        N/A       1%          2
i - Storm Form            Tmut/Air       46%        N/A       50%         7
j - Blink                 Tloc           60%        N/A       6%          2

Your spell library contained the following spells:

 Spells                   Type           Power      Damage    Failure   Level
 Magic Dart               Conj           100%       1d8       0%          1
 Searing Ray              Conj           100%       2d8       0%          2
 Sandblast                Erth           100%       2d20      1%          1
 Wereblood                Tmut           95%        N/A       1%          2
 Apportation              Tloc           60%        N/A       4%          1
 Necrotise                Necr           100%       1d9       4%          1
 Summon Small Mammal      Summ           100%       N/A       4%          1
 Ensorcelled Hibernation  Hex/Ice        60%        N/A       6%          2
 Sublimation of Blood     Necr           30%        N/A       6%          2
 Sticky Flame             Conj/Fire      100%       2d11      0%          4
 Dazzling Flash           Conj/Hex       100%       N/A       1%          3
 Hailstorm                Conj/Ice       88%        3d18      1%          3
 Ignite Poison            Fire/Tmut/Pois 95%        N/A       1%          3
 Inner Flame              Hex/Fire       95%        N/A       1%          3
 Spider Form              Tmut/Pois      71%        N/A       1%          3
 Stone Arrow              Conj/Erth      100%       3d13      1%          3
 Swiftness                Air            92%        N/A       1%          3
 Vhi's Electric Charge    Tloc/Air       100%       N/A       1%          3
 Fulminant Prism          Conj/Hex       44%        3d19      1%          4
 Iskenderun's Mystic Bla  Conj/Tloc      88%        2d17      1%          4
 Arcjolt                  Conj/Air       53%        1d63      1%          5
 Blade Hands              Tmut           47%        N/A       1%          5
 Irradiate                Conj/Tmut      54%        3d29      1%          5
 Iskenderun's Battlesphe  Conj           100%       2d15      1%          5
 Starburst                Conj/Fire      61%        6d16      1%          6
 Freezing Cloud           Conj/Ice/Air   45%        6-21      2%          5
 Conjure Ball Lightning   Conj/Air       53%        3x3d19    2%          6
 Iron Shot                Conj/Erth      52%        9d10      3%          6
 Ice Form                 Ice/Tmut       71%        N/A       4%          4
 Lee's Rapid Deconstruct  Erth           42%        3d20*     4%          5
 Leda's Liquefaction      Hex/Erth       31%        N/A       8%          4
 Frozen Ramparts          Ice            60%        1d10      12%         3
 Gell's Gravitas          Tloc           30%        N/A       12%         3
 Teleport Other           Tloc           30%        N/A       12%         3
 Tukima's Dance           Hex            30%        N/A       12%         3
 Yara's Violent Unravell  Hex/Tmut       35%        3d14      13%         5
 Statue Form              Tmut/Erth      60%        N/A       14%         6
 Silence                  Hex/Air        34%        N/A       16%         5
 Anguish                  Hex/Necr       15%        N/A       38%         4
 Cause Fear               Hex            15%        N/A       38%         4
 Manifold Assault         Tloc           30%        N/A       38%         4
 Olgreb's Toxic Radiance  Pois           30%        N/A       38%         4
 Passage of Golubria      Tloc           30%        N/A       38%         4
 Summon Ice Beast         Ice/Summ       30%        N/A       38%         4
 Eringya's Noxious Bog    Tmut/Pois      35%        N/A       58%         6
 Spellforged Servitor     Conj/Summ      44%        N/A       67%         7
 Agony                    Necr           30%        N/A       75%         5
 Summon Forest            Summ/Tloc      15%        N/A       75%         5
 Lehudib's Crystal Spear  Conj/Erth      52%        10d12     80%         8
 Dispersal                Tloc           15%        N/A       99%         6
 Maxwell's Capacitive Co  Air            46%        ∞         99%         8
 Monstrous Menagerie      Summ           15%        N/A       100%        7
 Ozocubu's Refrigeration  Ice            15%        4d10      100%        7
 Summon Hydra             Summ           15%        N/A       100%        7
 Borgnjor's Revivificati  Necr           15%        N/A       100%        8
 Discord                  Hex            15%        N/A       100%        8
 Disjunction              Tloc           15%        N/A       100%        8
 Necromutation            Tmut/Necr      35%        N/A       100%        8
 Death's Door             Necr           15%        N/A       100%        9
 Animate Armour           Summ/Erth      Unusable   N/A       N/A         4
 Simulacrum               Ice/Necr       Unusable   N/A       N/A         6

Dungeon Overview and Level Annotations

Branches:
Dungeon (15/15)            Temple (1/1) D:4            Lair (5/5) D:11
 Shoals (4/4) Lair:3       Spider (4/4) Lair:3        Slime (0/5) Lair:5
    Orc (2/2) D:9             Elf (3/3) Orc:2        Vaults (3/5) D:13
 Depths (0/4) D:15         Bailey (visited)           IceCv (visited)
Volcano (visited)
  Crypt: Vaults:2-3

Altars:
Ashenzari
Cheibriados
Dithmenos
Elyvilon
Fedhas
Gozag
Hepliaklqana
Kikubaaqudgha
Makhleb
Nemelex Xobeh
Okawaru
Qazlal
Ru
Sif Muna
Trog
Uskayaw
Vehumet
Wu Jian
Xom
Yredelemnul
Zin
The Shining One
Jiyva

Shops:
D:4 *   D:7 *   D:13 :   Orc:2 [((?([:(   Elf:2 [   Vaults:1 *   Vaults:2 :

Portals:
Trove: Vaults:1 (give +6 fire dragon scales)

Annotations:
Lair:1 3 runed translucent doors, Jase's ghost, journeyman OpBr
Lair:3 exclusion: oklob plant
Shoals:2 exclusion: orange crystal statue
Shoals:3 4 transporters, exclusion: 2 downstairs
Spider:2 exclusion: downstairs
Elf:2 3 runed translucent doors
Vaults:3 Frederick


Innate Abilities, Weirdness & Mutations

You can breathe blasts of fire.
Your fiery red scales are hard. (AC +10)
You cannot fit into any form of body armour.
Your flesh is heat resistant. (rF+)
You are cold-blooded and may be slowed by cold attacks.


Message History

The ironbound thunderhulk is severely wounded.
The fireball engulfs the white ugly thing!
The white ugly thing is heavily wounded.
The fireball engulfs the white very ugly thing!!
The white very ugly thing is moderately wounded.
The fireball engulfs the sphinx!!
The sphinx is moderately wounded.
The fireball engulfs the white ugly thing!!
The white ugly thing is almost dead.
The fireball engulfs the ironbound thunderhulk!!
You kill the ironbound thunderhulk!
The fireball engulfs the sphinx!
The sphinx is heavily wounded.
The fireball engulfs the white very ugly thing!!
The white very ugly thing is heavily wounded.
You block the white very ugly thing's attack.
The sphinx hits you!
* * * LOW HITPOINT WARNING * * *
The sphinx misses you. The sphinx hits you but does no damage.
Unknown command.
Casting: Ignition (dangerous; 4% risk of failure)
Confirm with . or Enter, or press ? or * to list all spells.
You don't have enough magic to cast this spell.
Unknown command.
Okay, then. [a] - 504 gold - resistance and invisibility [b] - 364 gold - haste and brilliance [c] - 560 gold - curing, magic, lignification, might and resistance Purchase which effect?
You feel yourself speed up.
You feel clever all of a sudden. The sphinx hits you!
* * * LOW HITPOINT WARNING * * *
You block the sphinx's attack. The sphinx hits you.
* * * LOW HITPOINT WARNING * * *
The white very ugly thing trunk-slaps you!
* * * LOW HITPOINT WARNING * * *
The white very ugly thing freezes you!! You resist.
You die...
Your body crumbles into a pile of gold.

########...$...H..
...........########
...........#......#
...........#......#
########..$#......#
#...#......# #.Hu#......#
#.u.#......#........
#..@#'######........
#...................
#...................
#...................
#...................
#...................
######...................
....................###..
#########......###..#.#..


You could see a white very ugly thing, a sphinx and a white ugly thing.

Vanquished Creatures
  Mara (Vaults:2)
  Bai Suzhen (Spider:4)
  Nikola (Shoals:3)
  3 deep elf master archers (Elf:3)
  Polyphemus (Shoals:2)
  3 deep elf blademasters (Elf:3)
  Gastronok (Lair:2)
  A sphinx (Vaults:3)
  Roxanne (Spider:4)
  A storm dragon (D:12)
  Donald (Elf:2)
  4 vault wardens
  5 deep elf sorcerers
  Louise (Elf:3)
  4 ghost moths (Spider:4)
  An emperor scorpion (Lair:3)
  An orc warlord (Vaults:3)
  7 ironbound preservers
  2 deep elf elementalists (Elf:3)
  A quicksilver ooze (shapeshifter) (Vaults:1)
  2 war gargoyles (Vaults:3)
  4 very ugly things (Vaults:3)
  6 broodmothers
  3 ironbound thunderhulks
  2 deep elf demonologists (Elf:3)
  8 deep elf annihilators (Elf:3)
  4 dire elephants (Vaults:1)
  A spark wasp (shapeshifter) (Vaults:1)
  3 merfolk javelineers
  A deep elf death mage (Elf:1)
  2 blizzard demons (IceCv)
  2 ettins (Orc:2)
  7 merfolk impalers
  8 entropy weavers
  4 great orbs of eyes
  4 deep elf high priests
  10 vault guards
  A yaktaur captain (Vaults:2)
  5 hydras
  2 caustic shrike simulacra (IceCv)
  Harold (D:9)
  2 ogre magi
  20 centaur warriors
  2 merfolk avatars
  Erica (D:11)
  8 boulder beetles
  4 catoblepae
  A radroach (Spider:4)
  12 two-headed ogres
  5 merfolk aquamancers
  A peacekeeper (Vaults:3)
  4 satyrs
  5 ironbound frosthearts
  A tengu warrior (D:14)
  5 dancing weapons
  An alligator snapping turtle (Shoals:3)
  A deep troll shaman (Lair:5)
  A vampire mage (D:15)
  4 orc high priests
  6 death yaks
  Urug (Lair:2)
  12 deep elf knights
  5 pharaoh ants
  26 sea snakes
  5 skeletal warriors
  16 deep trolls
  8 orb spiders
  4 steelbarb worms
  2 glowing orange brains
  The ghost of bronco the Ripper, a novice FeMo of Gozag (D:10)
  A bog body (IceCv)
  7 spriggan simulacra (IceCv)
  A kraken simulacrum (Shoals:4)
  12 deep elf archers
  An obsidian statue (IceCv)
  16 orc knights
  29 harpies
  A necromancer (D:15)
  7 lindwurms
  4 wizards
  16 deep elf pyromancers
  A sphinx zombie (D:15)
  11 ironbound convokers
  An iron dragon zombie (D:15)
  A wolf spider zombie (D:10)
  26 ugly things
  2 orc sorcerers (Orc:2)
  18 wolf spiders
  32 deep elf zephyrmancers
  3 salamanders (Volcano)
  A tengu skeleton (Vaults:3)
  13 fauns
  13 elephants
  2 moths of wrath
  A sphinx skeleton (Vaults:3)
  A human skeleton (Vaults:3)
  8 cyclopes
  17 manticores
  6 black mambas
  8 merfolk sirens
  A stone giant skeleton (Vaults:3)
  A fire giant skeleton (Vaults:3)
  2 torpor snails
  Joseph (D:9)
  2 frost giant skeletons (Vaults:3)
  A moth of wrath (shapeshifter) (D:12)
  A centaur zombie (D:10)
  2 ice statues (D:14)
  A gargoyle (D:13)
  A spriggan zombie (D:15)
  7 vault sentinels
  5 water nymphs
  8 cane toads
  2 unseen horrors (D:10)
  12 demonic crawlers
  3 centaur skeletons (D:10)
  2 elf skeletons (Vaults:3)
  8 komodo dragons
  Psyche (D:11)
  15 yaktaurs
  2 anaconda simulacra (IceCv)
  2 hellwings (D:10)
  A kobold demonologist (D:14)
  6 rime drakes
  3 efreet
  A komodo dragon (shapeshifter) (D:15)
  5 trolls
  11 ice devils (IceCv)
  2 freezing wraiths (IceCv)
  A guardian mummy (D:15)
  A tengu conjurer (D:15)
  10 meliai
  6 wind drakes
  29 merfolk
  2 hornets
  17 tarantellas
  4 polar bears
  Prince Ribbit (D:8)
  23 blink frogs
  A blink frog (shapeshifter) (D:13)
  23 dream sheep
  52 slime creatures
  14 snapping turtles
  15 culicivoras
  An ettin zombie (D:15)
  Sigmund (D:2)
  A centaur simulacrum (D:14)
  A deep troll skeleton (Vaults:3)
  37 jumping spiders
  A dire elephant simulacrum (IceCv)
  A culicivora (shapeshifter) (Elf:1)
  2 shadows
  31 yaks
  2 ettin skeletons (Vaults:3)
  A fire bat (Volcano)
  3 fire elementals
  12 water elementals
  5 wyverns
  20 humans (D:13)
  6 vampire mosquitoes
  2 steam dragons
  54 redbacks
  A basilisk (Lair:2)
  A harpy simulacrum (IceCv)
  8 minotaur simulacra (IceCv)
  14 wargs
  11 water moccasins
  4 hell hounds
  An acid dragon (D:12)
  2 sky beasts
  An ice beast (D:5)
  2 black bears
  50 orc warriors
  An alligator simulacrum (IceCv)
  9 ogres
  3 boggarts (D:15)
  10 centaurs
  11 wolves (Lair:5)
  A phantom (D:4)
  4 kobold brigands
  9 bullfrogs
  A scorpion (D:5)
  2 earth elementals
  11 deep troll simulacra (IceCv)
  A lindwurm simulacrum (IceCv)
  3 electric eels
  A howler monkey (D:6)
  10 jellies
  23 orc priests
  3 hounds
  A gnoll bouda (Lair:5)
  3 iguanas
  23 orc wizards
  A boggart skeleton (D:10)
  7 gnolls
  7 adders
  7 shadow imps
  2 white imps
  2 worms (D:2)
  A dart slug (D:4)
  118 orcs
  2 bats (D:1)
  11 endoplasms
  A giant cockroach (D:4)
  10 goblins
  5 hobgoblins
  7 jackals (D:1)
  5 quokkas
  10 ball pythons
  5 frilled lizards
  19 kobolds
  4 rats
  2 bushes (D:10)
1485 creatures vanquished.

Vanquished Creatures (collateral kills)
  Arachne (Spider:4)
  A demonic crawler (Spider:4)
2 creatures vanquished.

Vanquished Creatures (others)
  A two-headed ogre (Volcano)
  A centaur (Volcano)
  A butterfly (D:10)
  66 foxfires
  20 fungi
  122 plants
  4 tentacles (Shoals:4)
  13 withered plants
228 creatures vanquished.

Grand Total: 1715 creatures vanquished

Notes
Turn   | Place    | Note
-------+----------+-------------------------------------------
     0 | D:1      | Monkooky the Draconian Fire Elementalist began the quest
                  | for the Orb.
     0 | D:1      | Reached XP level 1. HP: 14/14 MP: 3/3
   266 | D:1      | Reached XP level 2. HP: 20/20 MP: 5/5
   314 | D:1      | Learned a level 2 spell: Scorch
   562 | D:1      | Reached skill level 4 in Fire Magic
  1071 | D:2      | Reached XP level 3. HP: 18/26 MP: 0/6
  1609 | D:2      | Learned a level 3 spell: Stone Arrow
  2030 | D:2      | Noticed Sigmund
  2049 | D:2      | Killed Sigmund
  2050 | D:2      | Reached XP level 4. HP: 30/33 MP: 0/7
  2050 | D:2      | Reached XP level 5. HP: 35/38 MP: 0/8
  2574 | D:3      | Identified the +6 whip of Yjiogy {freeze, Str+3 Int+5}
  2956 | D:4      | Reached XP level 6. HP: 45/45 MP: 2/9
  3108 | D:4      | Found a staircase to the Ecumenical Temple.
  3125 | Temple   | Entered the Ecumenical Temple
  3429 | Temple   | Became a worshipper of Gozag Ym Sagoz the Greedy
  4332 | D:4      | Found Owyzxytz's General Store.
  4340 | D:4      | Bought a scroll of identify for 24 gold pieces
  4340 | D:4      | Bought a scroll of enchant armour for 90 gold pieces
  4340 | D:4      | Bought a scroll of immolation for 48 gold pieces
  4452 | D:5      | Entered Level 5 of the Dungeon
  4473 | D:5      | Your scales start taking on a fiery red colour.
  4473 | D:5      | Reached skill level 5 in Fire Magic
  4473 | D:5      | Reached XP level 7. HP: 50/50 MP: 5/10
  4473 | D:5      | Gained mutation: Your flesh is heat resistant. (rF+) [Red
                  | Draconian growth]
  4821 | D:5      | Reached skill level 6 in Fire Magic
  4846 | D:5      | Learned a level 4 spell: Flame Wave
  4967 | D:5      | Reached skill level 7 in Fire Magic
  5048 | D:5      | Reached skill level 8 in Fire Magic
  5184 | D:5      | Reached XP level 8. HP: 57/57 MP: 0/11
  5403 | D:6      | Reached skill level 5 in Conjurations
  5403 | D:6      | Reached skill level 9 in Fire Magic
  5597 | D:6      | Found an ancient bone altar of Kikubaaqudgha.
  5597 | D:6      | Found an iron altar of Okawaru.
  5773 | D:6      | Found an ornate altar of the Wu Jian Council.
  5782 | D:6      | Found a blossoming altar of Fedhas.
  6209 | D:6      | Reached skill level 5 in Spellcasting
  6898 | D:7      | Learned a level 3 spell: Kindle Blastsparks
  6911 | D:7      | Found Goty's General Store.
  6919 | D:7      | Bought a potion of haste for 120 gold pieces
  6919 | D:7      | Bought a scroll of fog for 48 gold pieces
  6940 | D:7      | Reached XP level 9. HP: 62/62 MP: 11/18
  7212 | D:7      | Reached skill level 1 in Evocations
  7483 | D:7      | Identified the +0 pair of boots of the Battered Lovers
                  | {Slay+3}
  7839 | D:8      | Killed a large slime creature
  7906 | D:8      | Found a flagged portal.
  8030 | Bailey   | Entered a bailey
  8231 | Bailey   | Noticed an orc knight
  8447 | Bailey   | Killed an orc knight
  8448 | Bailey   | Reached skill level 10 in Fire Magic
  8448 | Bailey   | Reached XP level 10. HP: 66/83 MP: 10/19
  8667 | Bailey   | Noticed an orc knight
  8682 | Bailey   | Killed an orc knight
  9005 | D:8      | Reached skill level 11 in Fire Magic
  9357 | D:8      | Noticed Prince Ribbit
  9362 | D:8      | Killed Prince Ribbit
  9947 | D:9      | Noticed Joseph
  9958 | D:9      | Killed Joseph
  9969 | D:9      | Reached skill level 12 in Fire Magic
 10170 | D:9      | Noticed a two-headed ogre
 10176 | D:9      | Killed a two-headed ogre
 10589 | D:9      | Found a staircase to the Orcish Mines.
 10752 | D:9      | Noticed Harold
 10769 | D:9      | Reached XP level 11. HP: 76/89 MP: 7/20
 10769 | D:9      | Killed Harold
 10854 | D:9      | Identified the +8 whip of Blind Justice {drain, rC++ Int+3}
 10928 | D:10     | Entered Level 10 of the Dungeon
 10937 | D:10     | Reached skill level 13 in Fire Magic
 11095 | D:10     | Found a runed translucent gate.
 11095 | D:10     | Found a runed translucent gate.
 11095 | D:10     | Found a runed translucent gate.
 11096 | D:10     | Noticed a glowing orange brain
 11096 | D:10     | Noticed bronco's ghost (novice FeMo)
 11106 | D:10     | Learned a level 5 spell: Fireball
 11252 | D:10     | Found a white marble altar of Elyvilon.
 11386 | D:10     | Reached skill level 10 in Conjurations
 11516 | D:10     | Noticed a two-headed ogre
 11521 | D:10     | Killed a two-headed ogre
 11765 | D:10     | Reached skill level 14 in Fire Magic
 12339 | D:10     | Noticed a two-headed ogre
 12346 | D:10     | Killed a two-headed ogre
 12561 | D:10     | Found a viscous altar of Jiyva.
 12573 | D:11     | Noticed a purple ugly thing
 12577 | D:11     | Killed a purple ugly thing
 12583 | D:11     | Noticed Psyche
 12617 | D:11     | Paralysed by Psyche for 4 turns
 12622 | D:11     | Killed Psyche
 12801 | D:11     | Noticed Erica
 12852 | D:11     | Paralysed by Erica for 2 turns
 12859 | D:11     | Killed Erica
 12860 | D:11     | Reached skill level 15 in Fire Magic
 12860 | D:11     | Reached XP level 12. HP: 79/96 MP: 14/21
 13076 | D:11     | Found a staircase to the Lair.
 13262 | D:11     | Noticed a centaur warrior
 13272 | D:11     | Killed a centaur warrior
 13834 | Lair:1   | Entered Level 1 of the Lair of Beasts
 14139 | Lair:1   | Found a runed translucent gate.
 14139 | Lair:1   | Found a runed translucent gate.
 14139 | Lair:1   | Found a runed translucent gate.
 14142 | Lair:1   | Noticed Jase's ghost (journeyman OpBr)
 14143 | Lair:1   | Noticed a ten-headed hydra
 14296 | Lair:1   | Reached skill level 5 in Evocations
 14591 | Lair:1   | Noticed a catoblepas
 14603 | Lair:1   | Killed a catoblepas
 15126 | Lair:2   | Noticed Gastronok
 15126 | Lair:2   | Noticed Urug
 15174 | Lair:2   | Killed Urug
 15177 | Lair:2   | Killed Gastronok
 15412 | Lair:2   | Reached XP level 13. HP: 78/105 MP: 11/22
 16949 | Lair:3   | Found a hole to the Spider Nest.
 17321 | Lair:3   | Found the +1 robe of Vines {NoPotionHeal Regen++++}
 17348 | Lair:3   | Found a staircase to the Shoals.
 17754 | D:10     | Killed bronco's ghost
 18074 | Orc:1    | Entered Level 1 of the Orcish Mines
 18366 | Orc:1    | Learned a level 7 spell: Orb of Destruction
 18461 | Orc:1    | Found a dark tunnel.
 18482 | Volcano  | Entered a volcano
 18530 | Volcano  | Reached skill level 1 in Maces & Flails
 19624 | Orc:2    | Entered Level 2 of the Orcish Mines
 19624 | Orc:2    | Found Fiesa's Weapon Shop.
 19629 | Orc:2    | Found Tyameikh's Armour Shop.
 19638 | Orc:2    | Upgraded the game from 0.30-a0-553-g7fabdf1491 to
                  | 0.30-a0-557-ge2afbf3030
 19690 | Orc:2    | Noticed an ettin
 19691 | Orc:2    | Found a staircase to the Elven Halls.
 19719 | Orc:2    | Killed an ettin
 19830 | Orc:2    | Found Suotewn's Antique Weapon Shop.
 19830 | Orc:2    | Found Moocajao's Antique Armour Boutique.
 21015 | Orc:2    | Reached XP level 14. HP: 97/113 MP: 4/26
 22153 | Orc:2    | Found Tanloleh's Book Emporium.
 22153 | Orc:2    | Found Buhi's Weapon Shop.
 22159 | Orc:2    | Bought an Everburning Encyclopedia for 648 gold pieces
 22217 | Orc:2    | Found Utydotz's Weapon Emporium.
 22217 | Orc:2    | Found Nuceratoge's Magic Scroll Shop.
 22308 | Orc:2    | Bought a scroll of poison for 68 gold pieces
 22308 | Orc:2    | Bought a scroll of fog for 68 gold pieces
 22308 | Orc:2    | Bought a scroll of teleportation for 51 gold pieces
 22308 | Orc:2    | Bought a scroll of fear for 68 gold pieces
 23984 | Lair:3   | Learned a level 8 spell: Ignition
 24359 | Lair:4   | Reached skill level 16 in Fire Magic
 25127 | Lair:5   | Entered Level 5 of the Lair of Beasts
 25363 | Lair:5   | Reached skill level 17 in Fire Magic
 25902 | Lair:5   | Reached skill level 18 in Fire Magic
 26589 | Lair:5   | Found a staircase to the Slime Pits.
 26589 | Lair:5   | Found a viscous altar of Jiyva.
 26990 | Lair:5   | Identified the +5 halberd of Edoumnynn {drain, *Slow rN+
                  | Str+3}
 27352 | D:12     | Reached XP level 15. HP: 86/118 MP: 25/27
 27486 | D:12     | Found an iron altar of Okawaru.
 27876 | D:12     | Noticed a storm dragon
 27878 | D:12     | Reached skill level 19 in Fire Magic
 27879 | D:12     | Killed a storm dragon
 29543 | D:13     | Reached skill level 20 in Fire Magic
 29802 | D:13     | Found a gate to the Vaults.
 30208 | D:14     | Found a frozen archway.
 30533 | IceCv    | Entered an ice cave
 31965 | IceCv    | Reached skill level 21 in Fire Magic
 32518 | IceCv    | Identified the ring "Iseerow" {Ice rN+ Will+ Str-3}
 33014 | D:14     | Found a broken altar of Ashenzari.
 33056 | D:14     | Reached skill level 5 in Dodging
 33574 | D:14     | Reached skill level 10 in Fighting
 33574 | D:14     | Reached XP level 16. HP: 129/134 MP: 12/29
 33576 | D:14     | Reached skill level 15 in Conjurations
 34018 | D:15     | Entered Level 15 of the Dungeon
 34683 | D:15     | Found a staircase to the Depths.
 36750 | Spider:1 | Entered Level 1 of the Spider Nest
 37419 | Elf:1    | Entered Level 1 of the Elven Halls
 38223 | Elf:1    | Got Xeadeqar's Volume of Productive Attacks
 39024 | Elf:2    | Noticed Donald
 39322 | Shoals:1 | Entered Level 1 of the Shoals
 39491 | Lair:3   | Upgraded the game from 0.30-a0-557-ge2afbf3030 to
                  | 0.30-a0-568-g124715a40b
 39822 | Spider:1 | Reached skill level 10 in Spellcasting
 41934 | Spider:3 | Reached XP level 17. HP: 140/140 MP: 31/31
 42749 | Spider:2 | Learned a level 2 spell: Passwall
 43606 | Spider:4 | Entered Level 4 of the Spider Nest
 44086 | Spider:4 | Reached skill level 10 in Evocations
 44454 | Spider:4 | Noticed Roxanne
 45024 | Spider:4 | Reached skill level 1 in Transmutations
 45626 | Spider:4 | Reached skill level 5 in Earth Magic
 46031 | Spider:4 | Noticed Arachne
 46041 | Spider:4 | Killed Arachne
 46212 | Spider:4 | Noticed Bai Suzhen
 46510 | Spider:4 | Killed Bai Suzhen
 47186 | Spider:4 | Got a gossamer rune of Zot
 47466 | Orc:2    | Bought a +0 pair of gloves for 49 gold pieces
 48253 | Spider:4 | Killed Roxanne
 48254 | Spider:4 | Reached skill level 5 in Transmutations
 48264 | Spider:4 | Learned a level 6 spell: Statue Form
 49185 | Shoals:1 | Upgraded the game from 0.30-a0-568-g124715a40b to
                  | 0.30-a0-571-gdf30a72648
 49420 | Shoals:1 | Reached XP level 18. HP: 145/147 MP: 33/34
 51105 | Shoals:2 | Found a transporter.
 51111 | Shoals:2 | Noticed Polyphemus
 51840 | Shoals:2 | Found a transporter.
 52252 | Shoals:2 | Killed Polyphemus
 53129 | Shoals:3 | Found a transporter.
 53131 | Shoals:3 | Found a transporter.
 53133 | Shoals:3 | Found a transporter.
 53134 | Shoals:3 | Found a transporter.
 53154 | Shoals:3 | Found a transporter.
 53154 | Shoals:3 | Found a transporter.
 53173 | Shoals:3 | Reached skill level 1 in Shields
 53330 | Shoals:3 | Noticed Nikola
 53349 | Shoals:3 | Killed Nikola
 53453 | Shoals:3 | Upgraded the game from 0.30-a0-571-gdf30a72648 to
                  | 0.30-a0-576-g89cddaab80
 54065 | Shoals:4 | Entered Level 4 of the Shoals
 54113 | Shoals:4 | Identified the +11 dagger of Ezalet {elec, Contam rPois
                  | rCorr Str+3}
 54513 | Shoals:4 | Reached skill level 5 in Shields
 55212 | Shoals:4 | Got a barnacled rune of Zot
 55756 | Shoals:4 | Reached XP level 19. HP: 159/159 MP: 29/35
 56505 | Elf:2    | Learned a level 2 spell: Blink
 56649 | Elf:2    | Killed Donald
 56949 | Elf:2    | Found Tobit's Antique Armour Shoppe.
 56956 | Elf:2    | Bought a shiny kite shield for 180 gold pieces
 56982 | Elf:2    | Identified the +9 long sword of Inquiry {flame, *Noise
                  | rPois rF+ rC+}
 57725 | Elf:2    | Found a runed translucent gate.
 57754 | Elf:2    | Found a runed translucent gate.
 57754 | Elf:2    | Found a runed translucent gate.
 58113 | Elf:3    | Entered Level 3 of the Elven Halls
 58236 | Elf:3    | Identified the +9 scimitar of Dominance {flame, Int+4}
 58442 | Elf:3    | Noticed Louise
 58450 | Elf:3    | Reached skill level 10 in Shields
 58451 | Elf:3    | Killed Louise
 59227 | Elf:3    | Upgraded the game from 0.30-a0-576-g89cddaab80 to
                  | 0.30-a0-578-gdee14c521f
 59286 | Elf:3    | Identified the ring "Seck" {Will+ rCorr Int+6}
 59695 | Elf:3    | Identified the +3 ring mail of Ykleac {rC+ Will+}
 59695 | Elf:3    | Identified a ring of Hokhurae {rPois rC+ Will++ Str-2
                  | Dex+6}
 60094 | Elf:3    | Identified the +1 cloak of a wizard's laboratory {Str+6}
 60291 | Elf:3    | Identified the ring "Ben Ten" {Will+ rCorr}
 60585 | Elf:3    | Identified the +3 flail of the Hierophant {vamp, rC+}
 61244 | Vaults:1 | Entered Level 1 of the Vaults
 61681 | D:13     | Bought Sif Muna's Almanac of the Damaging Lungs for 720
                  | gold pieces
 61689 | D:13     | Learned a level 7 spell: Storm Form
 61755 | Vaults:1 | Reached skill level 1 in Air Magic
 62953 | Vaults:1 | Reached XP level 20. HP: 167/167 MP: 27/36
 63171 | Vaults:1 | Reached skill level 5 in Air Magic
 64194 | Vaults:1 | Found Xyiruvas's Assorted Antiques.
 64589 | Vaults:1 | Found a portal to a secret trove of treasure.
 65376 | Vaults:2 | Identified the +1 cloak of the Land of Plenty {+Inv rC+
                  | SInv}
 65447 | Vaults:2 | Upgraded the game from 0.30-a0-578-gdee14c521f to
                  | 0.30-a0-585-g93115170b9
 65651 | Vaults:2 | Noticed Mara
 65655 | Vaults:2 | Noticed Monkooky's illusion
 65661 | Vaults:2 | Reached skill level 10 in Transmutations
 65686 | Vaults:2 | Killed Mara
 65838 | Vaults:2 | Identified the +9 long sword "Raxkios" {venom, +Blink rElec
                  | MP+9}
 66404 | Vaults:2 | Found Bifus's Book Shop.
 66412 | Vaults:2 | Bought a manual of Dodging for 1120 gold pieces
 67222 | Vaults:3 | Reached skill level 10 in Dodging
 68223 | Vaults:3 | Noticed Frederick
 68318 | Vaults:3 | HP: 8/167 [white very ugly thing (11)]
 68318 | Vaults:3 | Demolished by a white very ugly thing

Illustrated notes

Levels and vault maps discovered:
D:1:      dpeg_arrival_boxes_within_box, layout_loops_cross
D:2:      layout_loops_cross, uniq_sigmund
D:3:      layout_loops_ring, serial_bayou_pond_a
D:4:      layout_basic, minmay_temple_entry_slanted, serial_shops,
          nicolae_shop_crystal, moated_statue, kennysheep_generic_room_3
D:5:      layout_basic, kennysheep_decorative_pillar
D:6:      layout_layer_cave, nicolae_overflow_hidden_temple
D:7:      layout_basic, serial_shops, nicolae_shop_statue_plus, st_stairs_1,
          supply_closet_lemuel
D:8:      layout_loops_ring, enter_bailey_7, uniq_prince_ribbit1
D:9:      layout_roguey, david_orc_4, uniq_joseph, uniq_harold
D:10:     cheibrodos_grave_circle, layout_basic,
          nicolae_elyvilon_peaceful_grove, gammafunk_ghost_ooze,
          chequers_serial_rivers_small_3
D:11:     layout_basic, erik_lair_orcish_takeover, st_stairs_6, uniq_psyche,
          uniq_erica
D:12:     layout_stronghold, minivault_25_ag, okawaru_ov_weapons_minmay
D:13:     layout_rooms, grunt_vaults_entry_tiered, serial_corexii_hall,
          chequers_hall_statues_corner_a, chequers_hall_statues_corner_a
D:14:     layout_loops_ring, nicolae_ashenzari_panopticon,
          portal_ice_cave_entry_ice_statue_two
D:15:     gammafunk_depths_entry_grave, layout_basic, serial_park_tiny_1
Temple:   minmay_temple_bridge_d
Lair:1:   layout_regular_city, gammafunk_ghost_hydra_chop
Lair:2:   layout_misc_corridors, infiniplex_staircase_pool, grunt_megastairs_5,
          uniq_gastronok, uniq_urug
Lair:3:   layout_regular_city, elwin_shoals_entry_rooms,
          nicolae_spider_entry_tight_spaces, nicolae_quartered_pool_little,
          hellmonk_guarded_unrand_vines
Lair:4:   layout_loops_ring
Lair:5:   grunt_lair_end_beastmaster, layout_hall_layers,
          minmay_slime_entry_pillars, dreamdust_gnoll_shepherd
Shoals:1: cheibrodos_shoals_three_sisters, layout_shoals
Shoals:2: gammafunk_sealed_arena, layout_shoals, uniq_polyphemus
Shoals:3: layout_shoals, serial_nicolae_subway, nicolae_sub_station_crystal,
          nicolae_sub_station_stone, nicolae_sub_station_metal, uniq_nikola
Shoals:4: shoals_end_grunt_ice, layout_shoals
Spider:1: layout_cave_pods
Spider:2: layout_spider_delve, guppyfry_spider_mini_2
Spider:3: layout_spider_delve, guppyfry_spider_mini_3
Spider:4: grunt_spider_rune_parallel, uniq_arachne, uniq_bai_suzhen,
          uniq_roxanne
Orc:1:    layout_diamond_mine, enter_volcano_3, basic_altar
Orc:2:    st_orc_town, layout_caves, serial_shops, shop, shop, shop, shop,
          minmay_orc_temple_c
Elf:1:    layout_loops_cross, minmay_elf_sorcery, grunt_ministairs_1
Elf:2:    nicolae_elf_blades_splatter_lattice [mumra_blade_entry_bloodbath],
          layout_loops_cross, serial_shops, nicolae_shop_overgrown_old_shop,
          uniq_aizul, uniq_donald
Elf:3:    minmay_elf_hall_furrowed, layout_onion_city, uniq_louise
Vaults:1: ontoclasm_vaults_ring_large, v_rooms_4, dpeg_vaults_monster_box,
          hangedman_vaults_cutoff, ontoclasm_vaults_decontamination, st_cells,
          v_misc_32, vaults_room_stairs_pillars, grunt_vaults_twisty,
          vaults_dpeg_ring, vaults_room_pools, layout_vaults_quadrants,
          serial_shops, shop_fountains, enter_trove_5
Vaults:2: vaults_room_door_hall, hangedman_vaults_locks,
          nicolae_vaults_inception_corners,
          vaults_room_grunt_arrival_checkpoint, vaults_room_pool, v_pattern_3,
          nicolae_vaults_little_squares_4, v_misc_28, v_misc_24, v_misc_8,
          vaults_room_door_ring, vaults_room_stairs_pillars,
          layout_vaults_maze_bifur, serial_shops, nicolae_shop_hallway_stairs,
          uniq_mara
Vaults:3: nicolae_vaults_three_branches, vaults_room_fancy_cross,
          v_alt_pattern_4, nicolae_vaults_little_squares_2,
          ontoclasm_vaults_pinch, nicolae_vaults_diagonal_hallway_7,
          minmay_crypt_entry_skeletal_spiral, vaults_dpeg_emergency_exit,
          v_misc_28, st_smaller_cells, layout_vaults_chaotic_city,
          uniq_frederick

Skill      XL: |  1  2  3  4  5  6  7  8  9 10 11 12 13 14 15 16 17 18 19 20 |
---------------+-------------------------------------------------------------+-----
Fire Magic     | 4 5 8 9 10 12 15 18 21 | 21.0
Conjurations   | 3 4 5 6 9 11 12 14 17 | 17.7
Earth Magic    | 2 3 4 7 8 |  8.0
Spellcasting   | 6 8 9 10 12 | 12.0
Evocations     | 2 8 11 | 11.0
Fighting       | 6 7 10 11 | 11.7
Dodging        | 4 5 7 9 12 | 12.2
Maces & Flails | 4 |  4.3
Transmutations | 6 7 8 10 | 10.5
Shields        | 7 12 | 12.8
Air Magic      | 4 9 |  9.7
Stealth        | |  1.7

Action                   |  1- 3 |  4- 6 |  7- 9 | 10-12 | 13-15 | 16-18 | 19-21 || total
-------------------------+-------+-------+-------+-------+-------+-------+-------++-------
Melee: Unarmed           |     4 |       |       |       |       |       |       ||     4
       Short sword       |    40 |     1 |       |       |       |       |       ||    41
       Tailslap          |     3 |     4 |     3 |    14 |    34 |    31 |    30 ||   119
       Whip              |       |    21 |    30 |    57 |   226 |   127 |   137 ||   598
       Punch             |       |       |       |     2 |     1 |     3 |       ||     6
Throw: Dart              |       |       |     1 |     1 |       |       |       ||     2
 Cast: Foxfire           |    13 |     4 |    19 |     3 |       |       |       ||    39
       Scorch            |    38 |    36 |    50 |   124 |   265 |   239 |   137 ||   889
       Stone Arrow       |       |     4 |     1 |       |    23 |       |       ||    28
       Flame Wave        |       |       |    11 |    37 |    80 |    69 |    51 ||   248
       Kindle Blastspark |       |       |     6 |     3 |     4 |    10 |       ||    23
       Fireball          |       |       |       |    29 |    54 |    84 |    20 ||   187
       Orb of Destructio |       |       |       |       |    52 |   114 |    68 ||   234
       Ignition          |       |       |       |       |    27 |   104 |    78 ||   209
       Passwall          |       |       |       |       |       |     4 |       ||     4
       Statue Form       |       |       |       |       |       |     3 |       ||     3
       Blink             |       |       |       |       |       |       |     1 ||     1
       Storm Form        |       |       |       |       |       |       |     1 ||     1
Invok: Potion Petition   |       |       |       |     1 |     2 |       |     2 ||     5
       Call Merchant     |       |       |       |       |       |       |     1 ||     1
 Abil: Breathe Fire      |       |       |    30 |    45 |    54 |    69 |    62 ||   260
       End Transformatio |       |       |       |       |       |       |     1 ||     1
Evoke: Wand              |       |       |     1 |       |     1 |     8 |       ||    10
       Lightning rod     |       |       |       |       |       |    12 |       ||    12
       Tin of tremorston |       |       |       |       |       |     4 |       ||     4
       Phial of floods   |       |       |       |       |       |     2 |       ||     2
       Condenser vane    |       |       |       |       |       |     1 |     1 ||     2
       Phantom mirror    |       |       |       |       |       |     1 |       ||     1
  Use: Scroll            |       |     4 |     1 |     6 |    15 |     6 |     2 ||    34
       Potion            |       |       |       |       |     4 |     3 |     3 ||    10
 Stab: Sleeping          |     2 |       |       |       |       |     2 |     1 ||     5
       Distracted        |       |       |       |     1 |       |       |     2 ||     3
Armor: Skin              |     7 |     1 |    15 |    42 |   144 |   246 |   100 ||   555
Dodge: Dodged            |    38 |    14 |    52 |   127 |   343 |   502 |   146 ||  1222
Block: Other             |     4 |     7 |    12 |    49 |   116 |    33 |       ||   221
       Reflection        |       |       |     2 |     7 |     3 |     1 |    18 ||    31
       Kite shield       |       |       |       |       |       |       |   183 ||   183

Table legend: (Time is in decaauts)
 A = Elapsed time spent in this place.
 B = Non-inter-level travel time spent in this place.
 C = Inter-level travel time spent in this place.
 D = Time resting spent in this place.
 E = Time spent auto-exploring this place.
 F = Levels seen in this place.
 G = Mean time per level.
                   A        B        C        D        E       F      G
               +--------+--------+--------+--------+--------+-----+--------+
         Total |  68558 |  63997 |   4561 |  16552 |  37700 |  40 | 1713.9 |
       Dungeon |  21816 |  20349 |   1467 |   3394 |  14251 |  15 | 1454.4 |
        Temple |    377 |    229 |    148 |      0 |    213 |   1 |  377.0 |
          Lair |   8798 |   7708 |   1090 |   1869 |   4972 |   5 | 1759.6 |
        Shoals |   7567 |   7345 |    222 |   1764 |   4267 |   4 | 1891.8 |
   Spider Nest |   8455 |   8026 |    429 |   3576 |   3305 |   4 | 2113.8 |
  Orcish Mines |   5309 |   4705 |    604 |   1685 |   2196 |   2 | 2654.5 |
   Elven Halls |   6108 |   5807 |    301 |   1261 |   3686 |   3 | 2036.0 |
        Vaults |   6418 |   6120 |    298 |   1338 |   3788 |   3 | 2139.3 |
        Bailey |    704 |    704 |      0 |    227 |    215 |   1 |  704.0 |
      Ice Cave |   2304 |   2304 |      0 |   1072 |    790 |   1 | 2304.0 |
       Volcano |    696 |    696 |      0 |    365 |     16 |   1 |  696.0 |
               +--------+--------+--------+--------+--------+-----+--------+

Top non-repeatable levels by time:
   Orc:2: 3136 daAuts
  Lair:3: 3029 daAuts
Vaults:1: 3013 daAuts
   Elf:3: 2853 daAuts
    D:15: 2550 daAuts
Spider:4: 2520 daAuts
Spider:3: 2497 daAuts
Shoals:1: 2462 daAuts
   IceCv: 2304 daAuts
   Orc:1: 2172 daAuts
Vaults:2: 2132 daAuts
    D:13: 1993 daAuts
    D:10: 1986 daAuts
Spider:1: 1923 daAuts
  Lair:1: 1868 daAuts
